 Seeded DCSS version 0.29-a0-876-gfc89b1a5bd (webtiles) character file.

Game seed: 20220719 (custom seed)

16 Jwatts the Shield-Bearer (level 2, 0/27 HPs)
             Began as a Minotaur Fighter on July 19, 2022.
             Slain by a dart slug (3 damage)
             ... on level 2 of the Dungeon.
             The game lasted 00:01:39 (771 turns).

Jwatts the Shield-Bearer (Minotaur Fighter)          Turns: 771, Time: 00:01:40

Health: 0/27       AC:  7    Str: 20    XL:     2   Next: 37%
Magic:  1/1        EV:  9    Int:  5    God:
Gold:   0          SH:  4    Dex:  9    Spells: 1/1 levels left

rFire   . . .      SeeInvis .   a - +0 flail
rCold   . . .      Faith    .   c - +0 buckler
rNeg    . . .      Spirit   .   b - +0 scale mail
rPois   .          Reflect  .   (helmet restricted)
rElec   .          Harm     .   (no cloak)
rCorr   .          Rampage  .   (no gloves)
Will    .....                   (no boots)
Stlth   ..........              (no amulet)
HPRegen 0.09/turn               (no ring)
MPRegen 0.07/turn               (no ring)

@: no status effects
A: horns 2, retaliatory headbutt
a: no special abilities


You were on level 2 of the Dungeon.
You visited 1 branch of the dungeon, and saw 2 of its levels.

Inventory:

Hand Weapons
 a - a +0 flail (weapon)
Armour
 b - a +0 scale mail (worn)
 c - a +0 buckler (worn)
Jewellery
 e - an amulet of reflection
Potions
 d - a potion of might


   Skills:
 + Level 3.9 Fighting
 + Level 2.4 Maces & Flails
 + Level 3.9 Armour
 + Level 4.0 Shields


You had one spell level left.
You didn't know any spells.
Your spell library was empty.

Dungeon Overview and Level Annotations

Branches:
Dungeon (2/15)

Altars:


Innate Abilities, Weirdness & Mutations

You have a pair of horns on your head.
You reflexively headbutt those who attack you in melee.


Message History

The jackal barely misses you. You furiously retaliate!
You headbutt the jackal. The jackal barely misses you. The jackal bites you.
* * * LOW HITPOINT WARNING * * *
You block the jackal's attack.
The jackal bites you but does no damage.
The jackal barely misses you. x2
The jackal completely misses you. The jackal barely misses you.
You furiously retaliate!
You headbutt the jackal!
You kill the jackal!
The dart slug bites you but does no damage.
The dart slug launches a dart at you.
The slug dart hits you but does no damage.
The dart slug bites you.
* * * LOW HITPOINT WARNING * * *
The adder hisses angrily.
The dart slug bites you but does no damage.
The dart slug launches a dart at you.
The slug dart hits you but does no damage.
You block the dart slug's attack.
The dart slug bites you but does no damage.
The dart slug barely misses you. The dart slug completely misses you.
The dart slug launches a dart at you.
The slug dart hits you but does no damage.
The dart slug bites you.
* * * LOW HITPOINT WARNING * * *
The dart slug barely misses you.
The dart slug bites you but does no damage.
You block the dart slug's attack.
The dart slug bites you but does no damage.
The dart slug launches a dart at you.
The slug dart hits you but does no damage.
The dart slug bites you but does no damage.
The dart slug closely misses you. You block the dart slug's attack.
You block the dart slug's attack. The dart slug closely misses you.
You furiously retaliate!
You headbutt the dart slug. The dart slug bites you.
You die...

.... ####.####
#.#.# # #<......#
#.##.#.#.#
#.......#
#.##.#.#.
#.......# #.##....
#.......# #.##...
#.......# #.##S)
#.....†.# #.##w#
#.......#####.##@#
#####............#
#.........####
#.........#
#.........#
#.........#
..........#####
..........#
..........#


You could see an adder and a dart slug.

Vanquished Creatures
  A dart slug (D:2)
  A hobgoblin (D:1)
  4 jackals (D:2)
  2 ball pythons
  A bat (D:1)
  A frilled lizard (D:1)
  2 kobolds (D:1)
  2 rats (D:2)
14 creatures vanquished.

Notes
Turn   | Place    | Note
-------+----------+-------------------------------------------
     0 | D:1      | Jwatts the Minotaur Fighter began the quest for the Orb.
     0 | D:1      | Reached XP level 1. HP: 19/19 MP: 0/0
   654 | D:2      | Reached skill level 4 in Shields
   654 | D:2      | Reached XP level 2. HP: 25/27 MP: 1/1
   771 | D:2      | Slain by a dart slug

Illustrated notes

Levels and vault maps discovered:
D:1:      dpeg_arrival_rooms_c, layout_basic,
          hellmonk_ecumenical_altar_arch_garden, minmay_liquid_box,
          hangedman_decor_points, kennysheep_decorative_pillar
D:2:      layout_basic, uniq_sigmund

Skill      XL: |  1 |
---------------+----+-----
Shields        | 4 |  4.0
Fighting       | |  3.9
Maces & Flails | |  2.4
Armour         | |  3.9

Action                   || total
-------------------------++-------
Melee: Flail             ||    19
       Headbutt          ||     3
Armor: Scale mail        ||    65
Dodge: Dodged            ||    77
Block: Buckler           ||    30

Table legend: (Time is in decaauts)
 A = Elapsed time spent in this place.
 B = Non-inter-level travel time spent in this place.
 C = Inter-level travel time spent in this place.
 D = Time resting spent in this place.
 E = Time spent auto-exploring this place.
 F = Levels seen in this place.
 G = Mean time per level.
                   A        B        C        D        E       F      G
               +--------+--------+--------+--------+--------+-----+--------+
         Total |    777 |    777 |      0 |    376 |      0 |   2 |  388.5 |
       Dungeon |    777 |    777 |      0 |    376 |      0 |   2 |  388.5 |
               +--------+--------+--------+--------+--------+-----+--------+

Top non-repeatable levels by time:
     D:1: 592 daAuts
     D:2: 184 daAuts
